AoeStats
← Wolfie

Arena

510298639Analyzed
3v3 RM · 3d ago on Sep 30, 2026· 39m 20s· 6 players
Game mode
Random Map
Map size
Normal (6 player)
Population
200
Speed
Normal
Resources
Standard
Victory
Conquest
Starting age
Dark Age
Ending age
Imperial Age
RankedLock teamsTeams togetherTeam positionsShared explorationLock speedFull tech treeHidden civsTurbo modeCheats
Victory
Defeat
1223
+14
🇭🇰 Spanish · Hong Kong SAR China
1143
+17
🇨🇳 Slavs · China
1018
+22
🇭🇰 Malay · Hong Kong SAR China
1199
-19
🇨🇳 Franks · China
1192
-19
🇸🇪 Danes · Sweden
1109
-15
以前我带你们游牧
10:56 Feudal Age
11:31 Double-Bit Axe
14:26 Castle Age
12:19 Horse Collar
15:37 Bow Saw
15:34 Heavy Plow
18:51 Fervor
20:35 Wheelbarrow
22:03 Town Watch
22:04 Loom
23:03 Hand Cart
25:07 Chemistry
28:00 Imperial Age
27:27 Crossbowman
28:42 Padded Archer Armor
28:50 Wagenburg Tactics
30:05 Two-Man Saw
29:53 Masonry
31:02 Conscription
30:59 Houfnice
32:10 Siege Engineers
33:05 Leather Archer Armor
33:31 Architecture
33:43 Bombard Tower
33:45 Ballistics
33:16 Fletching
34:50 Guilds
35:10 Coinage
35:44 Architecture
35:11 Bodkin Arrow
37:12 Banking
36:51 Bracer
37:22 Ring Archer Armor
三七开
10:01 Feudal Age
11:02 Loom
14:05 Castle Age
12:48 Double-Bit Axe
14:35 Horse Collar
20:26 Padded Archer Armor
23:08 Leather Archer Armor
32:47 Town Watch
37:29 Wheelbarrow
37:07 Bow Saw
37:21 Fletching
37:59 Elite Skirmisher
传送nguloko
10:44 Feudal Age
14:54 Loom
17:37 Castle Age
16:10 Double-Bit Axe
16:12 Horse Collar
17:19 Stone Mining
17:22 Gold Mining
21:33 Wheelbarrow
21:18 Bow Saw
26:39 Bloodlines
27:42 Scale Barding Armor
27:57 Heavy Plow
33:21 Imperial Age
31:08 Hand Cart
31:13 Forging
31:34 Husbandry
31:58 Chain Barding Armor
33:33 Gold Shaft Mining
33:27 Elite Boyar
35:28 Plate Barding Armor
35:29 Iron Casting
34:54 Town Watch
35:37 Conscription
36:13 Town Patrol
35:43 Onager
37:48 Two-Man Saw
37:23 Crop Rotation
kaaaboooom
12:10 Feudal Age
15:36 Castle Age
13:54 Double-Bit Axe
23:58 Wheelbarrow
26:37 Squires
27:45 Horse Collar
29:44 Gold Mining
30:09 Bow Saw
30:02 Heavy Plow
31:55 Hand Cart
31:26 Loom
31:28 Town Watch
31:37 Stone Mining
34:19 Gold Shaft Mining
34:17 Forging
34:20 Fletching
34:24 Pikeman
38:29 Imperial Age
36:58 Iron Casting
38:58 Blast Furnace
38:21 Conscription
Wolfie
11:05 Feudal Age
15:32 Castle Age
13:36 Double-Bit Axe
14:12 Stone Mining
17:09 Bow Saw
17:07 Horse Collar
21:45 Arson
23:33 Scale Mail Armor
24:37 Gold Mining
26:21 Squires
27:17 Gambesons
27:43 Pikeman
28:38 Fletching
28:48 Padded Archer Armor
29:19 Heavy Plow
28:55 Elite Skirmisher
29:41 Thumb Ring
30:18 Gold Shaft Mining
30:02 Bodkin Arrow
31:25 Wheelbarrow
31:48 Leather Archer Armor
37:35 Loom
Map
11:02 Feudal Age
14:51 Castle Age
13:30 Double-Bit Axe
16:49 Husbandry
17:03 Bow Saw
16:46 Loom
21:42 Wheelbarrow
23:58 Fletching
32:13 Forging
32:09 Scale Barding Armor
34:18 Hand Cart
38:31 Chain Barding Armor
38:48 Iron Casting
41:04 Imperial Age
38:27 Town Watch
Connection lost

Rejoining the realm…

Still unreachable

The connection could not be restored.

Session expired

The server has moved on; the page needs a fresh start.